 Dungeon Crawl Stone Soup version 0.30.1-9-gdf580d7c3d (webtiles) character file.

Game seed: 16444607455733872588

246213 Drunn the Eclecticist (level 18, -10/127 HPs)
             Began as a Demonspawn Earth Elementalist on Sept 30, 2023.
             Was the Champion of Dithmenos.
             Killed from afar by a deep elf knight (24 damage)
             ... with a lance of force
             ... on level 1 of the Elven Halls on Oct 1, 2023.
             The game lasted 02:06:50 (51477 turns).

Drunn the Eclecticist (DsEE)                       Turns: 51477, Time: 02:06:51

Health: -10/127    AC: 11    Str:  9    XL:     18   Next: 78%
Magic:  18/37      EV: 32    Int: 20    God:    Dithmenos [******]
Gold:   2199       SH: 15    Dex: 23    Spells: 15/47 levels left

rFire   . . .        B - +6 scimitar (spect)
rCold   . . .        f - +2 kite shield of Disappointment {rPois rN+ Regen+ Dex+3}
rNeg    + + +        G - +1 robe of Vines {NoPotionHeal Regen++++}
rPois   +            (helmet unavailable)
rElec   .            J - +2 cloak {Stlth+}
rCorr   .            j - +2 pair of gloves of Mumblety Peg {rN+ Int+2 SInv}
SInv    +            I - +2 pair of slick slippers {slick, slippery, EV+4}
Will    +++++        z - amulet of the Four Winds {rN+ Will+++ Clar}
Stlth   ++++++++++   b - +5 ring of evasion
HPRegen 4.41/turn    x - +5 ring of evasion
MPRegen 0.25/turn

%: clarity
@: wreathed by umbra
A: horns 3, foul stench 1, spiny 3, torment resistance 1, demonic willpower,
mutation resistance 1
}: 2/15 runes: decaying, gossamer
a: Renounce Religion, Shadow Step, Shadow Form


You were on level 1 of the Elven Halls.
You worshipped Dithmenos.
Dithmenos was exalted by your worship.
You visited 7 branches of the dungeon, and saw 32 of its levels.
You visited the Abyss 1 time.
You also visited: Bailey and Gauntlet.

You collected 3874 gold pieces.
You spent 1675 gold pieces at shops.

Inventory:

Hand Weapons
 B - a +6 spectral scimitar (weapon)
Missiles
 E - 4 silver boomerangs
 R - 4 curare-tipped darts
 S - a throwing net
 U - 8 silver javelins
Armour
 f - the +2 kite shield of Disappointment (worn) {rPois rN+ Regen+ Dex+3}
   (You acquired it on level 8 of the Dungeon)

   Dex:       It affects your dexterity (+3).
   rPois:     It protects you from poison.
   rN:        It protects you from negative energy.
   Regen:     It increases your rate of health regeneration.
 j - the +2 pair of gloves of Mumblety Peg (worn) {rN+ Int+2 SInv}
   (You found it in a Gauntlet)

   Int:       It affects your intelligence (+2).
   rN:        It protects you from negative energy.
   SInv:      It lets you see invisible.
 G - the +1 robe of Vines (worn) {NoPotionHeal Regen++++}
   (You found it on level 15 of the Dungeon)

   NoPotionHeal: Its wearer cannot be healed by potions.
   Regen:     It increases your rate of health regeneration.
 I - the +2 pair of slick slippers (worn) {slick, slippery, EV+4}
   (You bought it in a shop on level 1 of the Dungeon)

   Slick:     Its wearer cannot be constricted, engulfed, netted or webbed.
   Slippery:  Its wearer slips away from damaging melee attacks, pulling the
   attacker onward.
   EV:        It affects your evasion (+4).
 J - a +2 cloak of stealth (worn)
Jewellery
 b - a +5 ring of evasion (left hand)
 d - an amulet of magic regeneration
 x - a +5 ring of evasion (right hand)
 z - the amulet of the Four Winds (around neck) {rN+ Will+++ Clar}
   (You found it on level 3 of the Spider Nest)

   [amulet of nothing]

   rN:        It protects you from negative energy.
   Clar:      It protects you from confusion, rage, mesmerisation and fear.
   Will:      It greatly increases your willpower.
Wands
 e - a wand of roots (4)
 h - a wand of digging (16)
 m - a wand of mindburst (16)
 t - a wand of polymorph (24)
 A - a wand of paralysis (19)
 N - a wand of flame (34)
Scrolls
 k - 6 scrolls of poison
 l - a scroll of immolation
 n - 2 scrolls of vulnerability
 q - 5 scrolls of fear
 r - 4 scrolls of magic mapping
 s - 5 scrolls of enchant armour
 y - 9 scrolls of teleportation
 C - 5 scrolls of summoning
 D - a scroll of amnesia
 Q - 3 scrolls of fog
 T - a scroll of silence
Potions
 a - 3 potions of invisibility
 g - 6 potions of ambrosia
 i - 4 potions of heal wounds
 o - a potion of might
 p - 11 potions of curing
 u - 8 potions of brilliance
 v - 2 potions of magic
 w - 2 potions of resistance
 H - a potion of flight
 O - 8 potions of mutation
 P - 5 potions of berserk rage
 Z - 4 potions of haste
Miscellaneous
 c - a condenser vane
 F - a box of beasts
 X - a phial of floods


   Skills:
 + Level 7.4 Fighting
 + Level 1.5(7.5) Short Blades
 + Level 11.5(11.6) Long Blades
 + Level 0.7 Staves
 + Level 3.1 Throwing
 + Level 3.5 Armour
 + Level 10.2 Dodging
 + Level 9.4 Stealth
 + Level 10.1 Shields
 + Level 0.7 Unarmed Combat
 + Level 15.3 Spellcasting
 + Level 14.4 Conjurations
 + Level 0.8 Transmutations
 + Level 14.1 Earth Magic
 + Level 2.1 Evocations


You had 15 spell levels left.
You knew the following spells:

 Your Spells              Type           Power      Damage    Failure   Level
b - Stone Arrow           Conj/Erth      100%       3d13      1%          3
c - Passwall              Tmut/Erth      37%        N/A       1%          2
d - Petrify               Tmut/Erth      45%        N/A       6%          4
e - Iskenderun's Mystic   Conj/Tloc      44%        2d10      6%          4
f - Swiftness             Air            15%        N/A       36%         3
g - Dazzling Flash        Conj/Hex       88%        N/A       1%          3
h - Iron Shot             Conj/Erth      32%        9d7       5%          6
i - Leda's Liquefaction   Hex/Erth       21%        N/A       7%          4
j - Ignite Poison         Fire/Tmut/Pois 16%        N/A       32%         3

Your spell library contained the following spells:

 Spells                   Type           Power      Damage    Failure   Level
 Sandblast                Erth           100%       2d20      1%          1
 Iskenderun's Battlesphe  Conj           65%        2d11      1%          5
 Flame Wave               Conj/Fire      44%        2d11      6%          4
 Apportation              Tloc           30%        N/A       12%         1
 Necrotise                Necr           60%        1d7       12%         1
 Summon Small Mammal      Summ           60%        N/A       12%         1
 Ensorcelled Hibernation  Hex/Ice        30%        N/A       19%         2
 Scorch                   Fire           30%        2d6       19%         2
 Fireball                 Conj/Fire      22%        3d10      19%         5
 Orb of Destruction       Conj           32%        9d10      28%         7
 Inner Flame              Hex/Fire       15%        N/A       36%         3
 Vampiric Draining        Necr           15%        2d7       36%         3
 Volatile Blastmotes      Fire/Tloc      30%        2d12      36%         3
 Conjure Ball Lightning   Conj/Air       22%        3x3d6     69%         6
 Starburst                Conj/Fire      22%        6d7       69%         6
 Olgreb's Toxic Radiance  Pois           15%        N/A       77%         4
 Summon Lightning Spire   Summ/Air       15%        N/A       77%         4
 Agony                    Necr           15%        N/A       98%         5
 Spellforged Servitor     Conj/Summ      22%        N/A       99%         7
 Summon Cactus Giant      Summ           7%         N/A       100%        6
 Storm Form               Tmut/Air       8%         N/A       100%        7
 Discord                  Hex            7%         N/A       100%        8
 Ignition                 Fire           7%         3d5       100%        8
 Infestation              Necr           7%         N/A       100%        8
 Maxwell's Capacitive Co  Air            7%         ∞         100%        8


Dungeon Overview and Level Annotations

Branches:
Dungeon (15/15)            Temple (1/1) D:4            Lair (5/5) D:8
  Swamp (4/4) Lair:3       Spider (4/4) Lair:2        Slime (0/5) Lair:4
    Orc (2/2) D:10            Elf (1/3) Orc:2        Vaults (0/5) D:14
 Depths (0/4) D:15         Bailey (visited)         Gauntlet (visited)

Altars:
Ashenzari
Cheibriados
Dithmenos
Fedhas
Gozag
Hepliaklqana
Kikubaaqudgha
Makhleb
Nemelex Xobeh
Okawaru
Qazlal
Ru
Sif Muna
Trog
Uskayaw
Vehumet
Wu Jian
Xom
Yredelemnul
Jiyva

Shops:
D:1 [   D:4 (   D:6 (   D:10 ?   D:12 =   Orc:2 [:*!

Annotations:
Spider:2 2 transporters, exclusion: 2 oklob plants, Foghir's ghost, adept HaHu


Innate Abilities, Weirdness & Mutations

You have a pair of large horns on your head.
You may rarely emit foul miasma when damaged in melee.
You are completely covered in sharp spines.
You are resistant to unholy torment.
You punish those that try to bend your will. (Will+)
You are somewhat resistant to further mutation.


Message History

Aim: a deep elf knight, wielding a +0 short sword (black smoke, severely wounded, fast, slightly transparent, umbra, 58% to hit)
The stone arrow misses the deep elf knight.
The deep elf knight points at you and mumbles some strange words.
The shard of ice hits you!!
* * * LOW HITPOINT WARNING * * *
Unknown command.
You hit the deep elf zephyrmancer but do no damage.
You headbutt the deep elf zephyrmancer, but do no damage.
Your shadow completely misses the deep elf zephyrmancer.
You block the deep elf knight's attack. The deep elf zephyrmancer misses you.
Okay, then.
You slice the deep elf zephyrmancer!!
The deep elf zephyrmancer is heavily wounded.
Your shadow closely misses the deep elf zephyrmancer.
The deep elf knight points at you and mumbles some strange words.
You block the shard of ice. You block the deep elf knight's attack.
You slice the deep elf zephyrmancer!!
You headbutt the deep elf zephyrmancer, but do no damage.
The deep elf zephyrmancer is almost dead.
The deep elf knight gestures at you while chanting.
You block the lance of force.
The deep elf zephyrmancer hits you but does no damage.
You slice the deep elf zephyrmancer!!
You kill the deep elf zephyrmancer!
Dithmenos accepts your kill. The deep elf knight misses you.
You block the deep elf knight's attack.
You hit the deep elf knight.
The deep elf knight is severely wounded.
Your shadow misses the deep elf knight.
Your +6 spectral scimitar misses the deep elf knight.
The deep elf knight hits you with a +0 short sword!
* * * LOW HITPOINT WARNING * * *
You slip backwards!
You miss the deep elf knight. You headbutt the deep elf knight!
The deep elf knight is almost dead.
Your +6 spectral scimitar barely misses the deep elf knight.
You block the deep elf knight's attack.
The deep elf knight gestures at you while chanting.
The lance of force hits you!!
You die...

################### ..
####..................
##.#....#................
.#....)...###.#..#......#
..'.....)..#
#.§§.))......
..#........#
#§§#.§#....#. ##........#
##§@e()).....
...........# #§§#).#..#..
#####.......#
##.§........
###.#.....####..$......
...####.##..#####......#
..... #......... ##''###
..... #.##'##.#.. ..?#
.....##.#...#.##. ....
.......'.§.'.#


You could see a deep elf knight (fast, invisible) and a friendly +6 spectral
scimitar.

Vanquished Creatures
  Mara (Spider:3)
  Asterion (Spider:1)
  3 tentacled starspawn (Abyss:2)
  A thorn hunter (Swamp:4)
  Kirke (Lair:3)
  2 fenstrider witches
  4 emperor scorpions
  A deep elf sorcerer (Elf:1)
  4 ghost moths
  3 ghouls (Swamp:3)
  A stone giant (D:15)
  4 broodmothers
  An ironbound preserver (D:14)
  4 spark wasps
  4 eleionomae
  4 bunyips
  A white draconian (D:14)
  A minotaur (Gauntlet)
  Josephine (Swamp:1)
  5 shambling mangroves
  2 entropy weavers (Spider:4)
  Harold (D:11)
  2 ghost crabs
  2 centaur warriors
  11 alligators
  25 hydras
  3 catoblepae
  9 boulder beetles
  2 ogre magi (Orc:2)
  Erica (D:8)
  A tengu warrior (D:15)
  4 radroaches
  12 two-headed ogres
  2 dancing weapons (Elf:1)
  2 death knights
  15 death yaks
  A deep troll shaman (Lair:5)
  3 thrashing horrors (Abyss:2)
  3 large abominations (Abyss:2)
  A soul eater (Abyss:2)
  Sonja (Lair:4)
  2 iron trolls (Orc:2)
  11 spriggans
  2 skeletal warriors (D:15)
  6 pharaoh ants
  3 skysharks
  2 sun moths
  3 goliath frogs
  4 spriggan druids
  9 swamp dragons (Swamp:4)
  9 orb spiders
  6 bog bodies
  A deep elf archer (Elf:1)
  A harpy (shapeshifter) (D:13)
  9 steelbarb worms
  A wizard (D:14)
  A phantasmal warrior (D:15)
  14 deep elf pyromancers
  10 deep elf zephyrmancers (Elf:1)
  An oklob plant (Lair:1)
  An orc sorcerer (Orc:2)
  22 ugly things
  A necromancer (Gauntlet)
  A wolf spider zombie (D:15)
  24 wolf spiders
  A cyclops (shapeshifter) (D:14)
  8 cyclopes
  3 will-o-the-wisps
  A manticore (D:11)
  A black mamba (shapeshifter) (D:14)
  5 centaur zombies (D:15)
  3 moths of wrath
  The ghost of Psyclone the Slicer, a novice OpVM (D:6)
  6 black mambas
  10 elephants
  5 torpor snails
  6 cane toads
  11 demonic crawlers
  A molten gargoyle (Gauntlet)
  2 gargoyles
  Joseph (D:8)
  A cane toad (shapeshifter) (Elf:1)
  11 rime drakes
  2 kobold demonologists (D:12)
  An efreet (D:14)
  A freezing wraith (D:15)
  5 komodo dragons
  A redback zombie (D:15)
  14 trolls
  9 meliai
  15 hornets
  A bloated husk (Swamp:3)
  7 tyrant leeches
  2 polar bears
  24 tarantellas
  4 dream sheep (D:13)
  23 jumping spiders
  5 blink frogs (Lair:3)
  5 slime creatures
  2 air elementals (Elf:1)
  6 wraiths
  19 culicivoras
  A ynoxinul (Abyss:2)
  A centaur simulacrum (D:15)
  4 wyverns
  53 yaks
  4 shadows (D:15)
  A vampire (D:15)
  Eustachio (D:6)
  A spriggan (shapeshifter) (D:12)
  4 hogs (Lair:3)
  8 basilisks
  2 fire elementals (Elf:1)
  5 humans (D:13)
  12 vampire mosquitoes
  54 redbacks
  4 wargs (D:10)
  14 swamp worms
  3 acid dragons
  12 water moccasins
  5 swamp drakes (Swamp:4)
  Duvessa (D:6)
  3 ice beasts
  22 orc warriors
  2 sky beasts (D:8)
  3 black bears
  18 ogres
  27 wolves
  A boggart (D:14)
  5 centaurs
  2 kobold brigands
  11 bullfrogs
  5 scorpions
  2 gnoll sergeants
  A necrophage (Swamp:3)
  An earth elemental (Elf:1)
  12 wights
  Dowan (D:6)
  3 small abominations (Abyss:2)
  8 killer bees (D:9)
  2 vampire bats (D:13)
  5 howler monkeys
  6 hounds
  5 jellies
  17 orc priests
  Crazy Yiuf (D:5)
  2 sleepcaps (D:4)
  6 iguanas
  22 orc wizards
  11 gnolls
  14 adders
  2 white imps
  An ufetubus (Abyss:2)
  3 worms
  A dart slug (D:2)
  52 orcs
  13 ball pythons
  3 bat skeletons (D:13)
  A bat zombie (D:13)
  11 endoplasms
  3 giant cockroaches
  11 goblins
  12 hobgoblins
  4 jackals
  24 kobolds
  2 quokkas (D:1)
  6 bats
  4 frilled lizards
  4 rats
1082 creatures vanquished.

Vanquished Creatures (collateral kills)
  A cyclops (Orc:2)
  An orc sorcerer (Orc:2)
  2 ogres (Orc:2)
  A hobgoblin (Bailey)
5 creatures vanquished.

Vanquished Creatures (others)
  A ghost moth (Spider:4)
  An alligator (Swamp:3)
  A deep elf zephyrmancer (Elf:1)
  A bloated husk (Swamp:2)
  An ogre (Orc:2)
  12 foxfires
  28 spectral weapons
  6 starspawn tentacles (Abyss:2)
51 creatures vanquished.

Grand Total: 1138 creatures vanquished

Notes
Turn   | Place    | Note
-------+----------+-------------------------------------------
     0 | D:1      | Drunn the Demonspawn Earth Elementalist began the quest for
                  | the Orb.
     0 | D:1      | Reached XP level 1. HP: 13/13 MP: 3/3
     6 | D:1      | Noticed an electric eel
   194 | D:1      | Gained mutation: You have a pair of small horns on your
                  | head. [demonic ancestry]
   194 | D:1      | Reached XP level 2. HP: 19/19 MP: 0/5
   411 | D:1      | Found Nefuanat's Armour Boutique.
   854 | D:1      | Gained mutation: You may rarely emit foul miasma when
                  | damaged in melee. [demonic ancestry]
   854 | D:1      | Reached XP level 3. HP: 24/24 MP: 3/6
  1042 | D:1      | Learned a level 3 spell: Stone Arrow
  1045 | D:1      | Learned a level 2 spell: Passwall
  1250 | D:2      | Found an ancient bone altar of Kikubaaqudgha.
  1511 | D:2      | Reached XP level 4. HP: 30/30 MP: 5/7
  1964 | D:3      | Found a shimmering blue altar of Sif Muna.
  2339 | D:3      | Reached skill level 3 in Spellcasting
  2524 | D:3      | Found an ornate altar of the Wu Jian Council.
  2525 | D:3      | Found an opulent altar of Gozag.
  2525 | D:3      | Found a sparkling altar of Nemelex Xobeh.
  2526 | D:3      | Found a blossoming altar of Fedhas.
  2661 | D:3      | Noticed an ogre
  2664 | D:3      | Killed an ogre
  2665 | D:3      | Gained mutation: You have a pair of horns on your head.
                  | [demonic ancestry]
  2665 | D:3      | Reached XP level 5. HP: 35/35 MP: 5/10
  3000 | D:3      | Learned a level 4 spell: Petrify
  3140 | D:3      | Gained mutation: You have a pair of large horns on your
                  | head. [demonic ancestry]
  3140 | D:3      | Reached XP level 6. HP: 37/41 MP: 7/11
  3315 | D:4      | Reached skill level 4 in Spellcasting
  3316 | D:4      | HP: 1/42 [sleepcap (21)]
  3979 | D:4      | Found a staircase to the Ecumenical Temple.
  3981 | D:4      | Found Jyfelu's Weapon Emporium.
  3991 | D:4      | Reached XP level 7. HP: 47/47 MP: 6/13
  3993 | D:4      | Reached skill level 1 in Fighting
  3997 | D:4      | Reached skill level 5 in Earth Magic
  4008 | Temple   | Entered the Ecumenical Temple
  4434 | Temple   | Became a worshipper of Dithmenos the Shadowed
  4821 | D:5      | Entered Level 5 of the Dungeon
  4929 | D:5      | Reached skill level 5 in Spellcasting
  4929 | D:5      | Reached skill level 1 in Conjurations
  5320 | D:5      | Found a shimmering altar of Xom.
  5656 | D:5      | Found a runed translucent door.
  5657 | D:5      | Noticed Crazy Yiuf
  5980 | D:6      | Found Uwecrif's Weapon Shop.
  6124 | D:6      | Found a transporter.
  6124 | D:6      | Noticed Psyclone's ghost (novice OpVM)
  6157 | D:6      | Found a transporter.
  6331 | D:6      | Noticed Dowan
  6337 | D:6      | Noticed Duvessa
  6428 | D:7      | Reached XP level 8. HP: 54/54 MP: 12/16
  6498 | D:7      | Noticed a troll
  6502 | D:7      | Killed a troll
  6806 | D:7      | Reached skill level 1 in Short Blades
  6806 | D:7      | Reached skill level 6 in Spellcasting
  7138 | D:7      | Noticed a hornet
  7208 | D:7      | Reached * piety under Dithmenos
  7294 | D:7      | Killed a hornet
  7295 | D:7      | Reached XP level 9. HP: 59/59 MP: 8/18
  7700 | D:8      | Noticed Erica
  7741 | D:8      | Found a flagged portal.
  7763 | Bailey   | Entered a bailey
  7990 | Bailey   | Noticed an orc warlord
  8011 | Bailey   | Reached skill level 5 in Conjurations
  8861 | Bailey   | Reached skill level 1 in Throwing
  9086 | Bailey   | Found a runed translucent gate.
  9089 | Bailey   | Found a runed translucent gate.
  9090 | Bailey   | Found a runed translucent gate.
  9196 | Bailey   | Reached skill level 7 in Spellcasting
  9376 | Bailey   | Identified the staff of cold "Viqe" {rC+ SInv}
  9386 | D:8      | Acquired the +2 kite shield of Disappointment {rPois rN+
                  | Regen+ Dex+3}
  9414 | D:8      | Found a staircase to the Lair.
  9442 | D:8      | Killed Erica
  9544 | D:8      | Found a snail-covered altar of Cheibriados.
  9867 | D:8      | Noticed Joseph
  9874 | D:8      | Killed Joseph
 10046 | D:8      | Reached XP level 10. HP: 66/66 MP: 5/21
 10340 | D:8      | Reached ** piety under Dithmenos
 10853 | D:1      | Bought the +2 pair of slick slippers {slick, slippery,
                  | EV+4} for 383 gold pieces
 10853 | D:1      | Found the +2 pair of slick slippers {slick, slippery, EV+4}
 11117 | D:5      | Killed Crazy Yiuf
 11327 | D:6      | Killed Duvessa
 11329 | D:6      | Killed Dowan
 11588 | D:6      | Found a burning altar of Makhleb.
 11669 | D:6      | Noticed Eustachio
 11673 | D:6      | Killed Eustachio
 13219 | D:9      | Reached skill level 1 in Armour
 13219 | D:9      | Reached skill level 8 in Spellcasting
 13367 | D:9      | Found an ancient bone altar of Kikubaaqudgha.
 13790 | D:10     | Entered Level 10 of the Dungeon
 13795 | D:10     | Found a staircase to the Orcish Mines.
 13803 | D:10     | Reached skill level 1 in Long Blades
 13803 | D:10     | Reached skill level 1 in Shields
 13951 | D:10     | Reached *** piety under Dithmenos
 14092 | D:10     | Found Vudopne's Magic Scroll Emporium.
 14102 | D:10     | Bought a scroll of teleportation for 45 gold pieces
 14102 | D:10     | Bought a scroll of fear for 60 gold pieces
 14132 | D:10     | Reached skill level 5 in Dodging
 14266 | D:10     | Reached XP level 11. HP: 73/73 MP: 7/23
 14897 | D:10     | Noticed a two-headed ogre
 14904 | D:10     | Killed a two-headed ogre
 15082 | Lair:1   | Entered Level 1 of the Lair of Beasts
 15346 | Lair:1   | Noticed an oklob plant
 15393 | Lair:1   | Killed an oklob plant
 15662 | Lair:1   | Acquired the amulet "Ywnubb" {Faith Fly rCorr Str+7}
 16781 | Lair:2   | Reached skill level 9 in Spellcasting
 16797 | Lair:2   | Identified the +1 robe "Sujuts" {Str+4 Int-3}
 16997 | Lair:2   | Reached **** piety under Dithmenos
 17521 | Lair:2   | Gained mutation: You are partially covered in sharp spines.
                  | [demonic ancestry]
 17521 | Lair:2   | Reached XP level 12. HP: 81/81 MP: 21/25
 17605 | Lair:2   | Found a hole to the Spider Nest.
 18618 | Lair:3   | Noticed Kirke
 18623 | Lair:3   | Noticed a sphinx
 18625 | Lair:3   | Reached skill level 5 in Stealth
 18634 | Lair:3   | Killed Kirke
 18948 | Lair:3   | Noticed a death yak
 18953 | Lair:3   | Noticed a death yak
 18957 | Lair:3   | Killed a death yak
 18958 | Lair:3   | Reached skill level 10 in Spellcasting
 18963 | Lair:3   | Killed a death yak
 18963 | Lair:3   | Reached ***** piety under Dithmenos
 19161 | Lair:3   | Found a staircase to the Swamp.
 19233 | Lair:3   | Noticed a four-headed hydra
 19240 | Lair:3   | Killed a four-headed hydra
 19660 | Lair:3   | Identified the +1 robe of Demons {rF++ SInv}
 19804 | Lair:4   | Reached skill level 10 in Earth Magic
 20016 | Lair:4   | Reached skill level 5 in Long Blades
 20177 | Lair:4   | Noticed Sonja
 20190 | Lair:5   | Entered Level 5 of the Lair of Beasts
 20275 | Lair:5   | Reached XP level 13. HP: 87/87 MP: 9/27
 20697 | Lair:4   | Found a staircase to the Slime Pits.
 20727 | Lair:4   | Found a viscous altar of Jiyva.
 20756 | Lair:4   | You are sucked into a shaft and drop 1 floor!
 21852 | Lair:4   | Killed Sonja
 21853 | Lair:4   | Reached skill level 5 in Shields
 22070 | Lair:4   | Learned a level 4 spell: Iskenderun's Mystic Blast
 22074 | Lair:4   | Learned a level 3 spell: Swiftness
 22078 | Lair:4   | Learned a level 3 spell: Dazzling Flash
 22229 | Lair:5   | Reached skill level 1 in Evocations
 22383 | Lair:5   | Reached skill level 10 in Conjurations
 22664 | Lair:5   | Reached skill level 11 in Spellcasting
 23108 | Lair:5   | Got Tudonoag's Commentary on Felsic Misery
 23116 | Lair:5   | Identified the +0 scale mail of Vihorih {rElec Str+3}
 23502 | Lair:5   | Learned a level 6 spell: Iron Shot
 23507 | Lair:5   | Learned a level 4 spell: Leda's Liquefaction
 23612 | Orc:1    | Entered Level 1 of the Orcish Mines
 23633 | Orc:1    | Reached ****** piety under Dithmenos
 24218 | Orc:2    | Entered Level 2 of the Orcish Mines
 24218 | Orc:2    | Found a staircase to the Elven Halls.
 24496 | Orc:1    | You are sucked into a shaft and drop 1 floor!
 24571 | Orc:2    | Gained mutation: You are mostly covered in sharp spines.
                  | [demonic ancestry]
 24571 | Orc:2    | Reached XP level 14. HP: 95/95 MP: 7/29
 24641 | Orc:2    | Paralysed by an ogre mage for 4 turns
 24715 | Orc:2    | Found Feekar's Book Shoppe.
 24754 | Orc:2    | Found Sonizus's Distillery.
 24894 | Orc:2    | Found Ontejo Ewina's Armour Emporium.
 24895 | Orc:2    | Found Beonenk's Assorted Antiques.
 25148 | Orc:2    | Bought a blue potion for 32 gold pieces
 25148 | Orc:2    | Bought a blue potion for 32 gold pieces
 25735 | D:11     | Noticed Harold
 25740 | D:11     | Killed Harold
 26804 | D:12     | Reached skill level 12 in Spellcasting
 26928 | D:12     | Found Faciuga's Jewellery Emporium.
 27000 | D:12     | You are sucked into a shaft and drop 2 floors!
 27536 | D:14     | Found a gate to the Vaults.
 27536 | D:14     | Noticed an ironbound preserver
 27842 | D:14     | Found an opulent altar of Gozag.
 27922 | Abyss:2  | Cast into level 2 of the Abyss (a wizard)
 28063 | Abyss:2  | Reached XP level 15. HP: 102/102 MP: 6/31
 28115 | Abyss:2  | Noticed a tentacled starspawn
 28130 | Abyss:2  | Killed a tentacled starspawn
 28131 | Abyss:2  | Reached skill level 5 in Fighting
 28176 | Abyss:2  | Noticed a tentacled starspawn
 28184 | Abyss:2  | Killed a tentacled starspawn
 28185 | Abyss:2  | Noticed a tentacled starspawn
 28196 | Abyss:2  | Killed a tentacled starspawn
 28210 | D:14     | Escaped the Abyss
 29081 | D:13     | Found a gate leading to a gauntlet.
 29125 | Gauntlet | Entered a Gauntlet
 29125 | Gauntlet | Found a transporter.
 29209 | Gauntlet | Found a transporter.
 29211 | Gauntlet | Found a transporter.
 29222 | Gauntlet | Found a transporter.
 29225 | Gauntlet | Found a transporter.
 29233 | Gauntlet | Found a transporter.
 29254 | Gauntlet | Found a transporter.
 29265 | Gauntlet | Found a transporter.
 29277 | Gauntlet | Found a transporter.
 29297 | Gauntlet | Found a transporter.
 29311 | Gauntlet | Found a transporter.
 29311 | Gauntlet | Found a transporter.
 29359 | Gauntlet | Found a transporter.
 29367 | Gauntlet | Found a runed translucent door.
 29371 | Gauntlet | Found a runed translucent door.
 29373 | Gauntlet | Found a transporter.
 29797 | Gauntlet | Identified the +2 pair of gloves of Mumblety Peg {rN+ Int+2
                  | SInv}
 30093 | Gauntlet | Got the Encyclopedia of Burning
 30901 | D:13     | Found an ancient bone altar of Kikubaaqudgha.
 31688 | D:13     | Learned a level 3 spell: Ignite Poison
 32152 | D:12     | Reached skill level 13 in Spellcasting
 32357 | D:15     | Entered Level 15 of the Dungeon
 33335 | D:15     | Found the +1 robe of Vines {NoPotionHeal Regen++++}
 33729 | D:15     | Found a staircase to the Depths.
 33744 | D:15     | Acquired 952 gold pieces
 33838 | D:15     | Gained mutation: You punish those that try to bend your
                  | will. (Will+) [demonic ancestry]
 33838 | D:15     | Reached XP level 16. HP: 109/109 MP: 23/33
 34409 | Spider:1 | Entered Level 1 of the Spider Nest
 34665 | Spider:1 | Noticed Asterion
 34676 | Spider:1 | Killed Asterion
 36475 | Spider:2 | Found a transporter.
 36492 | Spider:2 | Noticed Foghir's ghost (adept HaHu)
 36689 | Spider:2 | Gained mutation: You are clumsy. (Dex -2) [mutagenic glow]
 36756 | Spider:2 | Found a transporter.
 36840 | Spider:2 | Reached skill level 14 in Spellcasting
 37884 | D:6      | Killed Psyclone's ghost
 38979 | Orc:2    | Bought a potion of resistance for 170 gold pieces
 38979 | Orc:2    | Bought a potion of curing for 51 gold pieces
 38979 | Orc:2    | Bought a potion of mutation for 136 gold pieces
 38979 | Orc:2    | Bought a potion of magic for 136 gold pieces
 38985 | Orc:2    | Bought a potion of haste for 360 gold pieces
 38985 | Orc:2    | Bought a scroll of magic mapping for 270 gold pieces
 39656 | Swamp:1  | Entered Level 1 of the Swamp
 39962 | Swamp:1  | Noticed Josephine
 39980 | Swamp:1  | Killed Josephine
 39981 | Swamp:1  | Reached skill level 10 in Long Blades
 40232 | Swamp:1  | Acquired the amulet of Winter {Rampage rF+ Regen+ Str+3}
 41405 | Swamp:2  | Gained mutation: You are resistant to unholy torment.
                  | [demonic ancestry]
 41405 | Swamp:2  | Reached XP level 17. HP: 117/117 MP: 22/35
 41414 | Swamp:2  | Lost mutation: You are clumsy. (Dex -2) [potion of
                  | mutation]
 41414 | Swamp:2  | Gained mutation: You are somewhat resistant to further
                  | mutation. [potion of mutation]
 43599 | Swamp:4  | Entered Level 4 of the Swamp
 45489 | Swamp:4  | Got a decaying rune of Zot
 46693 | Spider:3 | Gained mutation: You are completely covered in sharp
                  | spines. [demonic ancestry]
 46693 | Spider:3 | Reached XP level 18. HP: 101/125 MP: 0/36
 47349 | Spider:3 | Reached skill level 15 in Spellcasting
 47403 | Spider:3 | Found the amulet of the Four Winds {rN+ Will+++ Clar}
 48023 | Spider:4 | Entered Level 4 of the Spider Nest
 48079 | Spider:4 | Noticed Mara
 48095 | Spider:4 | Noticed Drunn's illusion
 48380 | Spider:4 | Noticed Drunn's illusion
 48531 | Spider:3 | Noticed Drunn's illusion
 48570 | Spider:3 | Killed Mara
 50117 | Spider:4 | Reached skill level 10 in Dodging
 50252 | Spider:4 | Found the +0 mask of the Dragon {Will+ Slay+3 SInv}
 50727 | Spider:4 | Got a gossamer rune of Zot
 50985 | Elf:1    | Entered Level 1 of the Elven Halls
 51024 | Elf:1    | Reached skill level 10 in Shields
 51471 | Elf:1    | HP: 2/127 [deep elf knight/shard of ice (32)]
 51477 | Elf:1    | Killed from afar by a deep elf knight

Illustrated notes

Levels and vault maps discovered:
D:1:      arrival_aquarium_a, layout_basic, serial_shops, shop,
          chequers_serial_rivers_small_3
D:2:      layout_rooms, basic_altar, kennysheep_donut, minmay_liquid_box,
          minmay_snake_closets
D:3:      layout_basic, lemuel_round_altar,
          chequers_temple_overflow_statue_of_worship
D:4:      layout_basic, temple_pool_b, serial_shops, shop, nicolae_half_adder
D:5:      layout_loops_ring, nicolae_overflow_hidden_temple, minivault_26,
          uniq_crazy_yiuf_cottage
D:6:      layout_basic, makhleb_heckhound_becter, serial_shops, shop_statue,
          gammafunk_ghost_arena, reono_crystal_passage, uniq_duvessa,
          uniq_eustachio
D:7:      layout_loops_ring, corexii_item_surrounded_by_moat,
          minmay_quadrilaterals
D:8:      layout_basic, nicolae_overflow_crystal_walls, lair_entry_dummy,
          enter_bailey_4, uniq_erica, uniq_joseph
D:9:      layout_cross, mainiacjoe_overflow_chevrons
D:10:     layout_roguey, tso_altar, minmay_orc_entry_guard_dogs, serial_shops,
          shop
D:11:     layout_irregular_city, minmay_sticks_and_stones, uniq_harold
D:12:     layout_roguey, serial_shops, shop
D:13:     slaughterhouse, layout_long_grid, gauntlet_entry_generic,
          kennysheep_vampire_church
D:14:     layout_irregular_city, skrybe_vaults_entry_preservation,
          lemuel_coloured_pillars_altar, kennysheep_generic_room_10
D:15:     grunt_enter_depths_giant_problem, layout_loops_ring,
          nicolae_elyvilon_temple_path, serial_undead, serial_undead_e,
          serial_undead_d, serial_undead_a, serial_undead_a,
          hellmonk_guarded_unrand_vines
Temple:   hc_temple_tempest_star
Lair:1:   layout_hall_layers
Lair:2:   layout_gridlike, spider_nest_entry_rubble, serial_rivers,
          chequers_serial_rivers_large_b, chequers_serial_rivers_micro_b,
          chequers_serial_rivers_large_a, chequers_serial_rivers_micro_c,
          chequers_serial_rivers_marsh
Lair:3:   layout_long_grid, swamp_mist_pool, minivault_25, lemuel_fruit_fields,
          uniq_kirke
Lair:4:   layout_regular_city, nicolae_slime_entry_slimehenge,
          chequers_serial_rivers_small_3, uniq_sonja
Lair:5:   grunt_lair_end_beastmaster, layout_cave_pods,
          infiniplex_staircase_pool_2, lemuel_fruit_fields
Swamp:1:  layout_falls_marsh, evilmike_swamp_ruin_house_1,
          infiniplex_staircase_pool, uniq_josephine
Swamp:2:  layout_falls_marsh, evilmike_swamp_ruin_house_6, swamp_pool1
Swamp:3:  layout_basic_swamp, evilmike_swamp_ruin_wall, swamp_pool1,
          hangedman_swamp_cone, nicolae_swamp_little_swirl
Swamp:4:  swamp_alternative, layout_basic_swamp, grunt_witch_cave
Spider:1: nicolae_spider_mines_2, uniq_asterion
Spider:2: layout_spider_delve, nzn_ghost_randoct, drop_trap
Spider:3: layout_spider_delve
Spider:4: guppyfry_spider_rune, uniq_mara
Orc:1:    layout_caves
Orc:2:    st_orc_open, layout_caves, nicolae_orc_stony_grotto
Elf:1:    minmay_elf_arrival_summoners, layout_loops_cross,
          nicolae_trove_entry_free_sample, minmay_elf_sorcery, laboratory

Skill      XL: |  1  2  3  4  5  6  7  8  9 10 11 12 13 14 15 16 17 18 |
---------------+-------------------------------------------------------+-----
Earth Magic    | 3 4 5 6 7 8 9 10 11 12 13 14 | 14.1
Stealth        | 2 3 4 5 6 7 8 9 |  9.4
Spellcasting   | 3 4 5 6 7 8 9 10 11 12 13 14 15 | 15.3
Dodging        | 2 3 5 6 7 8 9 10 | 10.2
Fighting       | 1 2 3 4 5 6 7 |  7.4
Conjurations   | 2 4 5 6 8 9 10 11 12 13 14 | 14.4
Short Blades   | 1 |  1.5
Throwing       | 2 3 |  3.1
Armour         | 2 3 |  3.5
Long Blades    | 1 3 5 7 8 9 10 11 | 11.5
Shields        | 1 3 4 5 6 7 8 9 10 | 10.1
Evocations     | 1 2 |  2.1
Staves         | |  0.7
Unarmed Combat | |  0.7
Transmutations | |  0.8

Action                     |  1- 3 |  4- 6 |  7- 9 | 10-12 | 13-15 | 16-18 || total
---------------------------+-------+-------+-------+-------+-------+-------++-------
  Melee: Unarmed           |    13 |       |       |       |       |       ||    13
         Dagger            |     7 |     9 |    49 |       |       |       ||    65
         Headbutt          |     2 |     3 |     8 |    45 |   135 |   203 ||   396
         Punch             |       |       |     1 |       |       |       ||     1
         Scimitar          |       |       |       |   173 |   363 |   755 ||  1291
         Staff             |       |       |       |    14 |       |       ||    14
  Throw: Boomerang         |       |       |    34 |       |       |       ||    34
         Throwing net      |       |       |     1 |     2 |     4 |     4 ||    11
         Dart              |       |       |       |       |     2 |     5 ||     7
         Javelin           |       |       |       |       |       |     6 ||     6
   Cast: Sandblast         |    64 |    64 |       |       |       |       ||   128
         Stone Arrow       |       |     6 |   122 |   279 |   551 |   274 ||  1232
         Iron Shot         |       |       |       |       |       |   184 ||   184
  Evoke: Wand              |       |       |     2 |     2 |     2 |     9 ||    15
         Box of beasts     |       |       |       |     1 |     3 |     1 ||     5
         Condenser vane    |       |       |       |       |     2 |     2 ||     4
         Phial of floods   |       |       |       |       |       |     1 ||     1
    Use: Scroll            |       |     3 |     7 |    16 |     9 |     7 ||    42
         Potion            |       |     3 |     6 |     1 |     9 |     2 ||    21
   Stab: Sleeping          |     3 |     7 |     3 |     5 |     8 |    45 ||    71
         Distracted        |       |       |       |     1 |     9 |    23 ||    33
         Invisible         |       |       |       |       |     3 |       ||     3
 Armour: Robe              |    22 |     3 |    12 |     3 |    30 |    87 ||   157
         Leather armour    |       |       |       |    23 |       |       ||    23
  Dodge: Dodged            |    43 |    32 |   106 |   337 |   472 |   966 ||  1956
  Block: Kite shield       |       |       |     5 |   226 |   388 |   823 ||  1442
